[Event "Titled Tuesday Blitz April 11 Early 2023"]
[White "Djokic, Mihailo"]
[Black "Adithya A Chullikkad"]
[WhiteFideId "976440"]
[BlackFideId "45078734"]
[WhiteElo "2294"]
[BlackElo "1984"]
[Result "1-0"]
[Round "01"]
[TimeControl "180+2"]
[Date "2023.04.11"]
[WhiteClock "0:00:30"]
[BlackClock "0:00:23"]

1. e4 c5 2. Nf3 d6 3. d4 cxd4 4. Nxd4 Nf6 5. Nc3 a6 6. Rg1 e5 7. Nb3 Be6 8. g4 Be7 9. g5 Nfd7 10. Be3 Nc6 11. Qd2 b5 12. h4 Nb6 13. Nd5 Nc4 14. Bxc4 bxc4 15. Bb6 Qb8 16. Na5 Bxd5 17. Qxd5 Nb4 18. Qd2 Qxb6 19. Nxc4 Qc5 20. Ne3 g6 21. c3 Nc6 22. Nd5 Kd7 23. O-O-O Rhc8 24. Kb1 Rab8 25. Ka1 Na5 26. b4 Nc4 27. bxc5 Nxd2 28. Nxe7 Kxe7 29. cxd6+ Kxd6 30. Rxd2+ Ke6 31. Rg3 Rc4 32. Re3 a5 33. f3 a4 34. Rb2 Rc6 35. Rxb8 a3 36. Rb3 Rd6 37. Rxa3 Rd1+ 38. Kb2 Rd2+ 39. Kb3 Rh2 40. Ra6+ Ke7 41. Ra7+ Kf8 42. Rd3 Kg7 43. Rdd7 Rh3 44. Rxf7+ Kg8 45. Rg7+ 1-0


[Site "https://www.chess.com"]

[Event "Titled Tuesday Blitz April 11 Early 2023"]
[White "Barwinska, Ewa"]
[Black "Melian, Juan Sebastian"]
[WhiteFideId "21833761"]
[BlackFideId "3706575"]
[WhiteElo "1908"]
[BlackElo "2035"]
[Result "1-0"]
[Round "01"]
[TimeControl "180+2"]
[Date "2023.04.11"]
[WhiteClock "0:00:20"]
[BlackClock "0:00:03"]

1. e4 c5 2. Nf3 e6 3. d4 cxd4 4. Nxd4 a6 5. Bd3 Nf6 6. Qe2 d6 7. c4 Qc7 8. Nc3 g6 9. O-O Bg7 10. Bd2 O-O 11. f4 Nc6 12. Nf3 Nd7 13. Rae1 Nc5 14. Bb1 Bd7 15. e5 Rad8 16. a3 Nb3 17. exd6 Qxd6 18. Ne4 Qc7 19. Bc3 Nbd4 20. Nxd4 Nxd4 21. Qf2 Bc6 22. Kh1 Rd7 23. Qh4 Qd8 24. Qh3 h5 25. Nc5 Rd6 26. b4 Qc7 27. Rd1 Rfd8 28. Be4 a5 29. Bb1 axb4 30. axb4 b6 31. Nd3 Be4 32. Ne5 Bxb1 33. Rxb1 Qxc4 34. Nxc4 Rc6 35. Bxd4 Rxd4 36. Ne5 Rc2 37. Nf3 Rd3 38. Qh4 Ra3 39. Qg5 Raa2 40. Rg1 Kh7 41. Ne5 Ra7 42. Rbc1 Re2 43. Rce1 Rd2 44. Nc6 Rc7 45. b5 Rb2 46. Qd8 Rb7 47. Qc8 1-0


[Site "https://www.chess.com"]

[Event "Titled Tuesday Blitz April 11 Early 2023"]
[White "Ibadov, Dashgyn"]
[Black "De Souza, Cristiano Gomes"]
[WhiteFideId "24107514"]
[BlackFideId "2151758"]
[WhiteElo "2208"]
[BlackElo "2068"]
[Result "1-0"]
[Round "01"]
[TimeControl "180+2"]
[Date "2023.04.11"]
[WhiteClock "0:00:22"]
[BlackClock "0:00:31"]

1. e4 c5 2. Nf3 d6 3. d4 cxd4 4. Nxd4 Nf6 5. Nc3 g6 6. Be3 Bg7 7. f3 O-O 8. Qd2 Nc6 9. O-O-O d5 10. Qe1 Nxd4 11. Bxd4 e6 12. exd5 exd5 13. Bd3 Re8 14. Qh4 Be6 15. Rhe1 a6 16. Kb1 Nh5 17. Qxd8 Raxd8 18. Ne2 Bxd4 19. Nxd4 Nf4 20. g3 Nxd3 21. Rxd3 Bf5 22. Rde3 Rxe3 23. Rxe3 Bd7 24. Re5 Bc6 25. c3 Kf8 26. Kc2 Re8 27. Nxc6 bxc6 28. Rxe8+ Kxe8 29. Kd3 Ke7 30. Kd4 Kd6 31. b4 f6 32. h3 h5 33. h4 g5 34. a3 gxh4 35. gxh4 Ke6 36. Kc5 Ke5 37. Kxc6 Kf4 38. Kxd5 Kxf3 39. c4 f5 40. c5 Ke2 41. c6 f4 42. c7 f3 43. c8=Q f2 44. Qc2+ Kf3 45. Qe4+ Kg3 46. Qe2 Kg2 47. a4 Kg1 48. b5 axb5 49. axb5 f1=Q 50. Qxf1+ Kxf1 51. b6 Kg2 52. b7 Kh3 53. b8=Q Kxh4 54. Qf4+ Kh3 55. Ke4 h4 56. Qg5 1-0


[Site "https://www.chess.com"]

[Event "Titled Tuesday Blitz April 11 Early 2023"]
[White "Sohier, Julien"]
[Black "Rosen, Eric"]
[WhiteFideId "645346"]
[BlackFideId "2032562"]
[WhiteElo "2209"]
[BlackElo "2331"]
[Result "0-1"]
[Round "01"]
[TimeControl "180+2"]
[Date "2023.04.11"]
[WhiteClock "0:00:03"]
[BlackClock "0:00:07"]

1. e4 c5 2. Nc3 Nc6 3. Bb5 Nd4 4. Nf3 a6 5. Bd3 e6 6. O-O Nc6 7. Nd5 c4 8. Bxc4 exd5 9. exd5 Na5 10. Re1+ Be7 11. Bd3 Kf8 12. a3 b5 13. Qe2 d6 14. b4 Nc4 15. a4 Bb7 16. axb5 axb5 17. Rxa8 Qxa8 18. Bxc4 bxc4 19. Qxc4 Bxd5 20. Qf4 Nf6 21. Bb2 h6 22. Nh4 g5 23. Qf5 gxh4 24. Rxe7 Rg8 25. Qxf6 Rxg2+ 26. Kf1 Rg6 27. Qh8+ Kxe7 28. Qd4 Bg2+ 0-1


[Site "https://www.chess.com"]

[Event "Titled Tuesday Blitz April 11 Early 2023"]
[White "MKlose11"]
[Black "Larina, Maria"]
[BlackFideId "24113182"]
[WhiteElo "2578"]
[BlackElo "1848"]
[Result "1-0"]
[Round "01"]
[TimeControl "180+2"]
[Date "2023.04.11"]
[WhiteClock "0:00:13"]
[BlackClock "0:00:06"]

1. e4 c6 2. Nc3 d5 3. g3 Nf6 4. Bg2 dxe4 5. Nxe4 Nxe4 6. Bxe4 Nd7 7. d4 Nf6 8. Bg2 Bg4 9. Ne2 e6 10. c3 Be7 11. O-O O-O 12. Re1 Re8 13. Bg5 h6 14. Bd2 a5 15. Qb3 Qd7 16. a4 Nd5 17. Nc1 Bf5 18. Ne2 Reb8 19. Bf4 Rd8 20. Rad1 Bd6 21. Bxd6 Qxd6 22. Nc1 Rdb8 23. c4 Nb4 24. Rd2 Rd8 25. Na2 Nxa2 26. Qxa2 Rd7 27. Qb3 Rad8 28. Red1 Qc7 29. Qc3 Bg4 30. f3 Bf5 31. c5 Rd5 32. f4 R5d7 33. Bf3 Qc8 34. Kg2 Qc7 35. Kg1 Qc8 36. Qxa5 Bh3 37. Qc3 Bf5 38. Kg2 Qa8 39. Qa3 Qa6 40. b4 Qc4 41. Rc1 Qa6 42. Qa1 Ra8 43. Ra2 Qd3 44. Rd1 Qc4 45. Qc1 Qxb4 46. a5 Rxa5 47. Rxa5 Qxa5 48. Qc4 Qa2+ 49. Qxa2 1-0


[Site "https://www.chess.com"]

[Event "Titled Tuesday Blitz April 11 Early 2023"]
[White "FuenfgegenWilly"]
[Black "Janaszak, Dawid"]
[BlackFideId "1119206"]
[WhiteElo "2226"]
[BlackElo "2220"]
[Result "0-1"]
[Round "01"]
[TimeControl "180+2"]
[Date "2023.04.11"]
[WhiteClock "0:00:03"]
[BlackClock "0:00:15"]

1. Nf3 c5 2. e3 g6 3. c4 Bg7 4. Nc3 Nf6 5. b3 O-O 6. Bb2 d6 7. g3 Nc6 8. Bg2 e5 9. d3 Bf5 10. O-O Nb4 11. e4 Be6 12. Nd5 Nbxd5 13. cxd5 Bd7 14. Nh4 Nh5 15. Qe1 Nf4 16. gxf4 Qxh4 17. fxe5 dxe5 18. f4 Qe7 19. Qf2 f5 20. Rac1 b6 21. fxe5 Bxe5 22. Bxe5 Qxe5 23. Qg3 f4 24. Qf3 g5 25. Bh3 g4 26. Bxg4 Qg5 27. Kf2 Bxg4 28. Rg1 h5 29. h3 Kg7 30. hxg4 h4 31. b4 Rac8 32. bxc5 bxc5 33. Rb1 Rf7 34. Rb5 Qe5 35. Rgb1 c4 36. Rc1 Qd4+ 37. Kg2 h3+ 38. Kh2 Rcc7 39. d6 Rb7 40. Rg5+ Kf8 41. Rf5 Rxf5 42. gxf5 Qb2+ 43. Kxh3 Rh7+ 44. Kg4 Qxc1 45. f6 cxd3 46. Kf5 Qc5+ 47. Kg6 Rh8 48. e5 Qc8 49. d7 Qxd7 50. Qxf4 d2 51. e6 Qh7+ 52. Kg5 Qh6+ 53. Kf5 Qxf4+ 54. Kxf4 d1=Q 55. e7+ Kf7 0-1


[Site "https://www.chess.com"]

[Event "Titled Tuesday Blitz April 11 Early 2023"]
[White "Kim, Sergey"]
[Black "Kiseleva, Arina"]
[WhiteFideId "13700570"]
[BlackFideId "4164989"]
[WhiteElo "2577"]
[BlackElo "1708"]
[Result "1-0"]
[Round "01"]
[TimeControl "180+2"]
[Date "2023.04.11"]
[WhiteClock "0:01:47"]
[BlackClock "0:00:39"]

1. d4 Nf6 2. c4 e6 3. Nc3 Bb4 4. Qc2 O-O 5. a3 Bxc3+ 6. Qxc3 b6 7. Nf3 Bb7 8. g3 d6 9. Bg2 Nbd7 10. O-O Ne4 11. Qc2 f5 12. Ng5 Nxg5 13. Bxb7 Rb8 14. Bg2 Nf7 15. b4 e5 16. dxe5 Nfxe5 17. Bb2 f4 18. Rad1 f3 19. exf3 Nxf3+ 20. Kh1 Qg5 21. Qe4 Nde5 22. Bxe5 Nd2 23. Qd5+ 1-0


[Site "https://www.chess.com"]

[Event "Titled Tuesday Blitz April 11 Early 2023"]
[White "Ruge, Edison"]
[Black "Jeet, Jain"]
[WhiteFideId "4401000"]
[BlackFideId "5073022"]
[WhiteElo "2175"]
[BlackElo "2067"]
[Result "0-1"]
[Round "01"]
[TimeControl "180+2"]
[Date "2023.04.11"]
[WhiteClock "0:00:46"]
[BlackClock "0:01:51"]

1. e4 c6 2. d3 d5 3. Nd2 e5 4. Ngf3 Bd6 5. g3 Ne7 6. Bg2 O-O 7. O-O f5 8. Qe2 fxe4 9. dxe4 Ng6 10. h3 Nd7 11. b3 Nf6 12. Bb2 Re8 13. Rad1 Qc7 14. Rfe1 a5 15. a4 b6 16. c4 d4 17. Qd3 Nd7 18. Bf1 Nc5 19. Qc2 Rf8 20. Kg2 Bd7 21. Ng1 Rf7 22. Ndf3 Raf8 23. Rd2 Qc8 24. Ng5 Rf6 25. Ba3 h6 26. Bxc5 Bxc5 27. N5f3 Bb4 28. Ree2 Bxd2 29. Rxd2 Bxh3+ 30. Nxh3 Rxf3 31. Ng1 Rc3 32. Qd1 Qd8 33. Rd3 Rxd3 34. Bxd3 Qg5 35. Kh2 Rxf2+ 36. Kh3 Nf4+ 37. gxf4 Qg2+ 38. Kh4 Rxf4+ 0-1


[Site "https://www.chess.com"]

[Event "Titled Tuesday Blitz April 11 Early 2023"]
[White "Krstulovic, Alex"]
[Black "mrithyunjay"]
[WhiteFideId "760056"]
[WhiteElo "2311"]
[BlackElo "2205"]
[Result "1-0"]
[Round "01"]
[TimeControl "180+2"]
[Date "2023.04.11"]
[WhiteClock "0:01:22"]
[BlackClock "0:01:39"]

1. d4 d5 2. Nf3 Nf6 3. Bf4 c5 4. e3 Nc6 5. Nbd2 cxd4 6. exd4 Qb6 7. Nb3 Bf5 8. Be2 Nb4 9. O-O Bxc2 10. Qd2 Ne4 11. Qe3 e6 12. Rfc1 Bxb3 13. Bc7 Nc2 14. Rxc2 Bxc2 15. Bxb6 axb6 16. Bb5+ Kd8 17. Rc1 Ba4 18. Bxa4 Rxa4 19. Qb3 Rb4 20. Qa3 Rc4 21. Qa8+ Kc7 22. Rxc4+ dxc4 23. Ne5 Nd6 24. Qa4 Be7 25. Qd7+ 1-0


[Site "https://www.chess.com"]

[Event "Titled Tuesday Blitz April 11 Early 2023"]
[White "Fernandez Hernandez, Gerardo"]
[Black "Pham, Le Thao Nguyen"]
[WhiteFideId "2207400"]
[BlackFideId "12401226"]
[WhiteElo "2199"]
[BlackElo "2286"]
[Result "0-1"]
[Round "01"]
[TimeControl "180+2"]
[Date "2023.04.11"]
[WhiteClock "0:00:01"]
[BlackClock "0:00:08"]

1. e4 c5 2. d3 Nc6 3. g3 g6 4. Bg2 Bg7 5. f4 d6 6. Nf3 Bd7 7. O-O Qc8 8. Nc3 Bh3 9. Be3 Bxg2 10. Kxg2 Nf6 11. h3 O-O 12. Qd2 Rb8 13. Rf2 b5 14. Raf1 b4 15. Nd1 Qa6 16. g4 Qxa2 17. f5 Nd7 18. Bh6 f6 19. fxg6 hxg6 20. Nh4 Kh7 21. Bxg7 Kxg7 22. g5 Qe6 23. gxf6+ exf6 24. Ne3 Rh8 25. Rf4 Nce5 26. Nd5 Rbf8 27. Qf2 Rh5 28. Qe3 Rg5+ 29. Kh2 Rh8 0-1


[Site "https://www.chess.com"]

[Event "Titled Tuesday Blitz April 11 Early 2023"]
[White "Eynullayev, Atilla"]
[Black "Tqebuchava, Zurab"]
[WhiteFideId "13413570"]
[BlackFideId "13601113"]
[WhiteElo "2181"]
[BlackElo "2203"]
[Result "1-0"]
[Round "01"]
[TimeControl "180+2"]
[Date "2023.04.11"]
[WhiteClock "0:00:23"]
[BlackClock "0:00:01"]

1. d4 Nf6 2. c4 e6 3. Nc3 b6 4. e4 Bb4 5. f3 Bxc3+ 6. bxc3 d6 7. Ne2 e5 8. Ng3 Nc6 9. Be2 h5 10. h4 Bd7 11. Bg5 Qe7 12. O-O Nd8 13. d5 Nb7 14. f4 O-O-O 15. a4 a5 16. fxe5 Qxe5 17. Bf4 Qxc3 18. Rf3 Qb4 19. Rb3 Bxa4 20. Rxb4 Bxd1 21. Bxd1 axb4 22. Ra8+ Kd7 23. Ba4+ Ke7 24. Ra7 Rb8 25. Bc6 g6 26. Bxb7 b3 27. Bc1 Nd7 28. Bc6 Rhc8 29. Ra1 Nc5 30. Bg5+ f6 31. Bc1 Nd3 32. Bd2 Nc5 33. Kf2 Kf7 34. Ke3 b2 35. Rb1 Na6 36. Rxb2 Nc5 37. Bc3 Re8 38. Rf2 Re5 39. Bxe5 dxe5 40. d6 cxd6 41. Bd5+ Kg7 42. Ra2 Rf8 43. Ra7+ Kh6 44. Nh1 Rh8 45. Nf2 Rf8 46. g4 hxg4 47. Nxg4+ Kh5 48. Kf3 1-0


[Site "https://www.chess.com"]

[Event "Titled Tuesday Blitz April 11 Early 2023"]
[White "Ciuffoletti, Paolo"]
[Black "Royal, Shreyas"]
[WhiteFideId "807630"]
[BlackFideId "448869"]
[WhiteElo "2143"]
[BlackElo "2331"]
[Result "0-1"]
[Round "01"]
[TimeControl "180+2"]
[Date "2023.04.11"]
[WhiteClock "0:00:02"]
[BlackClock "0:01:11"]

1. e4 c5 2. d4 cxd4 3. c3 dxc3 4. Nxc3 e6 5. Nf3 Nc6 6. Bc4 Bb4 7. O-O Nge7 8. Nb5 O-O 9. Nd6 a6 10. Bf4 b5 11. Bb3 Ng6 12. Bg3 Bxd6 13. Bxd6 Re8 14. Qd2 Bb7 15. Rad1 Na5 16. Bg3 Nxb3 17. axb3 Bxe4 18. Qxd7 Bd5 19. Qxd8 Rexd8 20. b4 f6 21. h4 e5 22. h5 Ne7 23. Nh4 Kf7 24. Rd2 Be6 25. Rfd1 Nc6 26. Nf3 Rxd2 27. Rxd2 Nxb4 28. Rd6 Ke7 29. Rb6 Ra7 30. h6 gxh6 31. Rb8 Rd7 32. Rh8 Bf5 33. Nh4 Bc2 34. f4 Nd3 35. Rxh7+ Kd8 36. Rxh6 exf4 37. Bh2 Re7 38. Nf3 Bd1 39. Rxf6 Bxf3 40. gxf3 Re1+ 41. Kg2 Re2+ 42. Kh3 Rxb2 43. Rxa6 Ke7 44. Ra7+ Ke6 45. Rg7 b4 46. Kg4 Rg2+ 0-1


[Site "https://www.chess.com"]

[Event "Titled Tuesday Blitz April 11 Early 2023"]
[White "Filgueira, Hernan"]
[Black "Kowalysko, Roman"]
[WhiteFideId "101770"]
[BlackFideId "30918510"]
[WhiteElo "2363"]
[BlackElo "2181"]
[Result "1-0"]
[Round "01"]
[TimeControl "180+2"]
[Date "2023.04.11"]
[WhiteClock "0:00:57"]
[BlackClock "0:00:40"]

1. c4 Nf6 2. Nc3 g6 3. g3 Bg7 4. Bg2 O-O 5. Nf3 d6 6. d3 Nbd7 7. O-O e5 8. Rb1 a5 9. a3 c6 10. b4 axb4 11. axb4 Qe7 12. e4 Rd8 13. Re1 Nf8 14. h3 Ne6 15. Be3 Bd7 16. Qd2 Ra3 17. Ra1 Rda8 18. Qb2 Rxa1 19. Rxa1 Rxa1+ 20. Qxa1 Qd8 21. Qa7 Qc8 22. Kh2 Ne8 23. Na4 Nd4 24. Bxd4 exd4 25. Nb6 Qd8 26. Qxb7 Nc7 27. h4 h5 28. Ng5 Bf6 29. Nh3 Bxh3 30. Bxh3 g5 31. hxg5 Bxg5 32. Qc8 h4 33. Qxd8+ Bxd8 34. Bd7 hxg3+ 35. Kxg3 c5 36. bxc5 dxc5 37. Na4 Be7 38. f4 Na6 39. Kf3 Nb4 40. Ke2 Kg7 41. Nb6 f6 42. Be6 Bd6 43. f5 Kf8 44. Na4 Ke7 45. Nb2 Nc6 46. Nd1 Ne5 47. Nf2 Bc7 48. Bd5 Kd6 49. Nh3 Bd8 50. Nf4 Be7 51. Ng6 Nxg6 52. fxg6 Ke5 53. g7 1-0


[Site "https://www.chess.com"]

[Event "Titled Tuesday Blitz April 11 Early 2023"]
[White "Dahlgren, James Allen"]
[Black "slidingknight2775"]
[WhiteFideId "22256873"]
[WhiteElo "2179"]
[BlackElo "2569"]
[Result "0-1"]
[Round "01"]
[TimeControl "180+2"]
[Date "2023.04.11"]
[WhiteClock "0:00:02"]
[BlackClock "0:00:09"]

1. e4 c5 2. Nc3 Nc6 3. f4 g6 4. Nf3 Bg7 5. d3 e6 6. Be2 d5 7. O-O Nge7 8. Bd2 a6 9. a4 b6 10. Qe1 Rb8 11. g4 Nd4 12. Nxd4 cxd4 13. Nd1 dxe4 14. dxe4 f5 15. gxf5 exf5 16. e5 Be6 17. Nf2 O-O 18. Bxa6 Nd5 19. Bb5 Rc8 20. Rc1 Nc7 21. Be2 Bd5 22. Nd3 Ne6 23. Bf3 Bxf3 24. Rxf3 Qd5 25. Rh3 Rc7 26. Qh4 h6 27. Rg3 Kh7 28. Qh3 Rfc8 29. Nb4 Qe4 30. Qg2 Qxg2+ 31. Rxg2 Bf8 32. Nd5 Rxc2 33. Rxc2 Rxc2 34. Nxb6 d3 35. Nd7 Rxb2 36. Nf6+ Kg7 37. Be3 Rb1+ 38. Kf2 Bc5 39. Bxc5 d2 40. Ne8+ Kh7 41. Nf6+ Kg7 42. Ne8+ Kh8 43. Rxg6 d1=Q 44. Rxh6+ Kg8 45. Nf6+ Kf7 46. Rh7+ Kg6 0-1


[Site "https://www.chess.com"]

[Event "Titled Tuesday Blitz April 11 Early 2023"]
[White "Gontcharov, Vladislav"]
[Black "rionelG"]
[WhiteFideId "4123492"]
[WhiteElo "2420"]
[BlackElo "2179"]
[Result "1-0"]
[Round "01"]
[TimeControl "180+2"]
[Date "2023.04.11"]
[WhiteClock "0:00:20"]
[BlackClock "0:00:02"]

1. d4 Nf6 2. c4 g6 3. Nc3 Bg7 4. Nf3 O-O 5. Bg5 d6 6. e3 h6 7. Bh4 g5 8. Bg3 Nh5 9. Qc2 c5 10. d5 f5 11. Be2 a6 12. Nd2 Qe8 13. f3 Nxg3 14. hxg3 e5 15. g4 f4 16. Nde4 Qe7 17. O-O-O Nd7 18. Kb1 Rb8 19. Bd3 Nf6 20. Nxf6+ Qxf6 21. Rde1 Bd7 22. Ne4 Qe7 23. exf4 Rxf4 24. Ng3 b5 25. Be4 bxc4 26. Qxc4 Bb5 27. Qc2 Rf7 28. Nf5 Qc7 29. Nxh6+ Bxh6 30. Rxh6 Qb6 31. Reh1 1-0


[Site "https://www.chess.com"]

[Event "Titled Tuesday Blitz April 11 Early 2023"]
[White "Dylag, Emilia"]
[Black "Vakhidov, Shahzod"]
[WhiteFideId "21805172"]
[BlackFideId "14205270"]
[WhiteElo "1878"]
[BlackElo "2212"]
[Result "1-0"]
[Round "01"]
[TimeControl "180+2"]
[Date "2023.04.11"]
[WhiteClock "0:00:45"]
[BlackClock "0:00:02"]

1. d4 Nf6 2. c4 g6 3. g3 Bg7 4. Bg2 d5 5. Nf3 O-O 6. O-O c5 7. Nc3 dxc4 8. dxc5 Qa5 9. Qa4 Qxa4 10. Nxa4 Bd7 11. Nc3 Na6 12. Ne5 Nxc5 13. Be3 Rac8 14. Rfd1 Be6 15. Rac1 a6 16. a4 Ne8 17. Bxc5 Rxc5 18. Nd7 Bxd7 19. Rxd7 b5 20. axb5 axb5 21. Rxe7 b4 22. Ne4 Rc8 23. Rc2 Nf6 24. Nxf6+ Bxf6 25. Rb7 c3 26. bxc3 bxc3 27. Bd5 Kg7 28. Bb3 Rb8 29. Rxb8 Rxb8 30. Bc4 Rb4 31. Bd3 h5 32. Kg2 g5 33. h3 g4 34. hxg4 hxg4 35. f3 Kh6 36. f4 Kg7 37. e3 Kh6 38. Kf2 Kh5 39. Ke2 Rb2 40. Kf2 Kh6 41. Kf1 Bh8 42. Kf2 1-0


[Site "https://www.chess.com"]

[Event "Titled Tuesday Blitz April 11 Early 2023"]
[White "Ahn, Hongjin"]
[Black "Baruch, Liam"]
[WhiteFideId "13201492"]
[BlackFideId "14322064"]
[WhiteElo "2182"]
[BlackElo "2170"]
[Result "1-0"]
[Round "01"]
[TimeControl "180+2"]
[Date "2023.04.11"]
[WhiteClock "0:02:09"]
[BlackClock "0:00:12"]

1. e4 e5 2. Nf3 Nc6 3. d4 exd4 4. Nxd4 Bc5 5. Nxc6 Qf6 6. Qf3 Qxf3 7. gxf3 dxc6 8. c3 Be6 9. Nd2 O-O-O 10. Bc4 Bxc4 11. Nxc4 f6 12. Rg1 g6 13. Be3 Bxe3 14. Nxe3 Ne7 15. Ke2 Rd7 16. Rad1 Rhd8 17. Rxd7 Rxd7 18. h4 Rd8 19. h5 Rg8 20. f4 gxh5 21. Rh1 Ng6 22. Kf3 h4 23. Nf5 Kd7 24. Nh6 Rg7 25. Ng4 Rf7 26. f5 Ne5+ 27. Nxe5+ fxe5 28. Rxh4 Ke7 29. Rh6 Kf8 30. Re6 Re7 31. Rxe7 Kxe7 32. Kg4 Kf6 33. Kh5 a5 34. Kh6 c5 35. c4 c6 36. a4 b6 37. b3 Kf7 38. Kxh7 b5 39. Kh6 bxc4 40. bxc4 Kf6 41. Kh5 Kf7 42. Kg5 Kg7 43. f6+ Kf7 44. Kf5 Ke8 45. Kxe5 Kf8 46. Kd6 Ke8 47. Kxc6 Kf7 48. Kxc5 Kxf6 49. Kb5 Ke7 50. Kxa5 Kd7 51. Kb5 Kc7 52. a5 Kc8 53. a6 Kb8 54. Kb6 Ka8 55. c5 Kb8 56. c6 Ka8 57. f4 Kb8 58. f5 Ka8 59. f6 1-0


[Site "https://www.chess.com"]

[Event "Titled Tuesday Blitz April 11 Early 2023"]
[White "Prohorov, Olexandr"]
[Black "Horak, Martin"]
[WhiteFideId "14105578"]
[BlackFideId "367095"]
[WhiteElo "1966"]
[BlackElo "2091"]
[Result "1-0"]
[Round "01"]
[TimeControl "180+2"]
[Date "2023.04.11"]
[WhiteClock "0:01:37"]
[BlackClock "0:00:01"]

1. d4 Nf6 2. c4 c5 3. d5 b5 4. cxb5 a6 5. f3 g6 6. e4 d6 7. Ne2 Bg7 8. Nec3 O-O 9. Na3 Ne8 10. Be2 Nd7 11. O-O Nc7 12. Bg5 Re8 13. Qd2 axb5 14. Naxb5 Ba6 15. a4 Nxb5 16. axb5 Bb7 17. f4 Nf6 18. Bc4 Qc7 19. Rae1 Nd7 20. h3 Nb6 21. Bd3 Na4 22. Nd1 c4 23. Bb1 Qc5+ 24. Kh1 Qxb5 25. f5 Rac8 26. fxg6 fxg6 27. Qf4 Rf8 28. Qg4 Rxf1+ 29. Rxf1 c3 30. Qe6+ Kh8 31. Rf7 Rg8 32. Qxe7 Nxb2 33. Bf6 Qf1+ 34. Kh2 Qf4+ 35. Kg1 1-0


[Site "https://www.chess.com"]

[Event "Titled Tuesday Blitz April 11 Early 2023"]
[White "Hua, Lefong"]
[Black "dDobravcan"]
[WhiteFideId "2602253"]
[WhiteElo "2563"]
[BlackElo "2154"]
[Result "1-0"]
[Round "01"]
[TimeControl "180+2"]
[Date "2023.04.11"]
[WhiteClock "0:00:15"]
[BlackClock "0:00:04"]

1. d4 d6 2. e4 Nf6 3. f3 c6 4. c4 Qb6 5. Nc3 e5 6. Nge2 Be7 7. Rb1 O-O 8. Be3 a5 9. Qd2 Qc7 10. b3 Re8 11. Ng3 Bf8 12. Be2 h5 13. O-O h4 14. Nh1 h3 15. g3 exd4 16. Bxd4 Na6 17. Nf2 Nc5 18. g4 Nfd7 19. Nxh3 b6 20. Nf2 Ne5 21. h3 Qe7 22. f4 Ng6 23. Bf3 Qh4 24. Ne2 b5 25. cxb5 cxb5 26. e5 Ra6 27. Bxc5 dxc5 28. Bg2 Rd8 29. Qe3 c4 30. bxc4 bxc4 31. Rbc1 Ne7 32. Rxc4 Be6 33. Rc2 a4 34. f5 Bd5 35. Qg3 Qh7 36. Nf4 Bxg2 37. Kxg2 Nxf5 38. gxf5 Qxf5 39. Re2 Re8 40. Ng4 a3 41. Nf6+ Rxf6 42. exf6 Qxf6 43. Rxe8 Qc6+ 44. Rf3 Qxe8 45. Rf2 Qe4+ 46. Qf3 Qf5 47. Re2 Bd6 48. Nh5 Qg6+ 49. Qg4 Qh6 50. Ng3 1-0


[Site "https://www.chess.com"]

[Event "Titled Tuesday Blitz April 11 Early 2023"]
[White "Vargas Rodriguez, Wilver"]
[Black "Han, Yichen"]
[WhiteFideId "3509672"]
[BlackFideId "1054430"]
[WhiteElo "2224"]
[BlackElo "2342"]
[Result "0-1"]
[Round "01"]
[TimeControl "180+2"]
[Date "2023.04.11"]
[WhiteClock "0:00:03"]
[BlackClock "0:00:31"]

1. e4 c5 2. Nf3 a6 3. d4 cxd4 4. Nxd4 e5 5. Nf3 Nc6 6. Nc3 Nf6 7. a4 Bb4 8. Bc4 h6 9. O-O Bxc3 10. bxc3 d6 11. Ba3 O-O 12. Bxd6 Re8 13. Qd3 Be6 14. Rfd1 Qc8 15. Bd5 Bxd5 16. exd5 e4 17. Qc4 exf3 18. dxc6 Re4 19. cxb7 Qxb7 20. Qc7 Qb2 21. gxf3 Re6 22. Bg3 Rae8 23. Kg2 Qxc2 24. Rd8 h5 25. Rxe8+ Rxe8 26. Qc4 Qf5 27. Rd1 Rc8 28. Qd3 Qa5 0-1


[Site "https://www.chess.com"]

[Event "Titled Tuesday Blitz April 11 Early 2023"]
[White "Cori T., Deysi"]
[Black "lolliNOPE"]
[WhiteFideId "3801934"]
[WhiteElo "2292"]
[BlackElo "2137"]
[Result "1-0"]
[Round "01"]
[TimeControl "180+2"]
[Date "2023.04.11"]
[WhiteClock "0:02:25"]
[BlackClock "0:01:05"]

1. Nf3 d5 2. c4 e6 3. cxd5 exd5 4. d4 Nf6 5. Nc3 Be7 6. Bf4 O-O 7. e3 b6 8. Bd3 c5 9. O-O Bb7 10. h3 Na6 11. Ne5 Nc7 12. Rc1 Ne6 13. dxc5 Nxf4 14. exf4 bxc5 15. b3 Rc8 16. Bf5 Rb8 17. Na4 Qa5 18. Qe1 Qxe1 19. Rfxe1 Bc8 20. Nc6 Rb7 21. Bxc8 Rxc8 22. Nxe7+ Rxe7 23. Rxe7 1-0


[Site "https://www.chess.com"]

[Event "Titled Tuesday Blitz April 11 Early 2023"]
[White "Munro, Allan"]
[Black "Kozin, Yuri"]
[WhiteFideId "7700245"]
[BlackFideId "4129920"]
[WhiteElo "2084"]
[BlackElo "2557"]
[Result "0-1"]
[Round "01"]
[TimeControl "180+2"]
[Date "2023.04.11"]
[WhiteClock "0:00:23"]
[BlackClock "0:00:08"]

1. d4 d5 2. c4 c6 3. Nc3 Nf6 4. Nf3 dxc4 5. a4 Bf5 6. Ne5 e6 7. f3 Bb4 8. e4 Bxe4 9. fxe4 Nxe4 10. Bd2 Qxd4 11. Nxe4 Qxe4+ 12. Qe2 Bxd2+ 13. Kxd2 Qd5+ 14. Kc2 Na6 15. Nxc4 O-O 16. Qe5 f6 17. Qxd5 cxd5 18. Nd6 Nc5 19. b4 Na6 20. Kb3 Rab8 21. Be2 Nc7 22. Rac1 Na8 23. Nb5 a6 24. Nc7 Nxc7 25. Rxc7 Rf7 26. Rhc1 f5 27. Bf3 g5 28. g3 g4 29. Bg2 h5 30. R1c5 Rbf8 31. Rc2 h4 32. b5 axb5 33. axb5 Kg7 34. b6 Kf6 35. Rxf7+ Rxf7 36. Rc7 f4 37. gxf4 Kg6 38. Rxf7 Kxf7 39. f5 Kf6 40. Bxd5 exd5 41. Kc3 g3 42. Kd4 gxh2 43. Kxd5 h1=Q+ 44. Kd6 Qc6# 0-1


[Site "https://www.chess.com"]

[Event "Titled Tuesday Blitz April 11 Early 2023"]
[White "Kokoszczynski, Jan"]
[Black "Schuh, Karsten"]
[WhiteFideId "1174460"]
[BlackFideId "4637950"]
[WhiteElo "2139"]
[BlackElo "2138"]
[Result "0-1"]
[Round "01"]
[TimeControl "180+2"]
[Date "2023.04.11"]
[WhiteClock "0:00:16"]
[BlackClock "0:01:30"]

1. Nf3 f5 2. g3 Nf6 3. Bg2 g6 4. O-O Bg7 5. d4 O-O 6. c4 d6 7. Nc3 c6 8. b4 Ne4 9. Bb2 a5 10. b5 Nxc3 11. Bxc3 Qe8 12. a4 e5 13. e3 e4 14. Nd2 Nd7 15. Nb3 cxb5 16. cxb5 b6 17. Bb2 Bb7 18. Ba3 Qe6 19. Nd2 Rac8 20. Qb1 Nf6 21. Qb2 Bd5 22. Rfc1 g5 23. Rxc8 Rxc8 24. Rc1 Bf8 25. Bf1 h5 26. Rc3 h4 27. Qc1 Rxc3 28. Qxc3 hxg3 29. hxg3 Ng4 30. Be2 f4 31. Bc4 fxg3 32. fxg3 Bxc4 33. Qxc4 d5 34. Qc6 Qf5 35. Nxe4 dxe4 0-1


[Site "https://www.chess.com"]

[Event "Titled Tuesday Blitz April 11 Early 2023"]
[White "Barria Santos, Jose Guilherme"]
[Black "Shevtchenko, Olesya"]
[WhiteFideId "1939300"]
[BlackFideId "24131890"]
[WhiteElo "2266"]
[BlackElo "2003"]
[Result "0-1"]
[Round "01"]
[TimeControl "180+2"]
[Date "2023.04.11"]
[WhiteClock "0:00:21"]
[BlackClock "0:00:29"]

1. e4 c6 2. d3 d5 3. Nf3 Qc7 4. Nc3 dxe4 5. Nxe4 Nf6 6. Be2 Bf5 7. Nc3 Nbd7 8. O-O h6 9. d4 e6 10. Bd3 Bg4 11. Re1 Bd6 12. h3 Bxf3 13. Qxf3 O-O-O 14. Ne4 Nxe4 15. Bxe4 Nf6 16. Bd3 e5 17. dxe5 Bxe5 18. Qf5+ Nd7 19. c3 f6 20. Be3 Kb8 21. a4 Rhe8 22. a5 Nf8 23. Be4 g6 24. Qf3 f5 25. Bc2 f4 26. Bc5 g5 27. Rad1 Nd7 28. Bd4 Bxd4 29. cxd4 Qxa5 30. Rxe8 Rxe8 31. Bf5 Nf6 32. Kh2 Qd5 33. Qd3 a6 34. Rc1 Rd8 35. Rc4 Qd6 36. Qd2 Nd5 37. Be4 Nb6 38. Rb4 Nd5 39. Rc4 Ne3 40. Rc1 Qxd4 41. Qxd4 Rxd4 42. fxe3 Rxe4 43. exf4 Rxf4 44. Kg3 Rb4 45. Rc2 a5 46. Re2 Ka7 47. Re6 h5 48. Re5 Rb5 49. Rxb5 cxb5 50. Kf3 a4 51. Ke4 b4 52. Kf5 a3 53. Kxg5 axb2 54. g4 b1=Q 0-1


[Site "https://www.chess.com"]